 Dungeon Crawl Stone Soup version 0.23.0 (webtiles) character file.

Game seed: 6897892441459574035

120 redwoodhats the Grave Robber (level 5, -1/38 HPs)
             Began as a Ghoul Necromancer on Feb 18, 2019.
             Slain by an orc wizard
             ... wielding a +0 dagger
              (3 damage)
             ... on level 3 of the Dungeon.
             The game lasted 00:21:06 (2812 turns).

redwoodhats the Grave Robber (Ghoul Necromancer)    Turns: 2812, Time: 00:21:08

Health: -1/38      AC:  4    Str: 12    XL:     5   Next: 4%
Magic:  8/8        EV: 12    Int: 11    God:
Gold:   147        SH:  0    Dex:  9    Spells: 4/9 levels left

rFire    . . .     SeeInvis .   e - +5 short sword
rCold    + . .     Gourm    .   (no shield)
rNeg     + + +     Faith    .   a - +0 robe
rPois    ∞         Spirit   .   (no helmet)
rElec    .         Reflect  .   f - +1 cloak
rCorr    .         Harm     .   (no gloves)
MR       .....                  (no boots)
Stlth    ++........             (no amulet)
HPRegen  0.00/turn              (no ring)
MPRegen  0.11/turn              (no ring)

@: rotting
A: rotting body, claws 1, carnivore, cold resistance 1, negative energy
resistance 3, inhibited regeneration, torment resistance, unbreathing
a: no special abilities


You were on level 3 of the Dungeon.
You were not hungry.

You visited 1 branch of the dungeon, and saw 3 of its levels.

You collected 147 gold pieces.

Inventory:

Hand Weapons
 e - a +5 short sword (weapon)
 i - a +2 antimagic mace
Armour
 a - a +0 robe (worn)
 f - a +1 cloak (worn)
Wands
 d - a wand of flame (11)
Scrolls
 h - a scroll of amnesia
 m - a scroll of identify {unknown}
 o - a scroll of remove curse
Potions
 b - a potion of mutation
 g - 2 potions of curing
 k - a potion of ambrosia {unknown}
 l - a potion of agility {unknown}
Comestibles
 c - 4 rations


   Skills:
 + Level 0.2 Fighting
 + Level 1.5 Short Blades
 + Level 2.3 Dodging
 + Level 2.5 Stealth
 + Level 2.6 Spellcasting
 + Level 4.7 Necromancy


You had 4 spell levels left.
You knew the following spells:

 Your Spells              Type           Power        Failure   Level  Hunger
a - Pain                  Necr           ##..         3%          1    ##.....
b - Animate Skeleton      Necr           N/A          3%          1    ##.....
c - Vampiric Draining     Necr           ##........   12%         3    ####...

Your spell library contained the following spells:

 Spells                   Type           Power        Failure   Level  Hunger
 Regeneration             Chrm/Necr      #.........   30%         3    ####...
 Animate Dead             Necr           N/A          36%         4    #####..


Dungeon Overview and Level Annotations

Branches:
Dungeon (3/15)

Altars:
Trog
Zin


Innate Abilities, Weirdness & Mutations

Your body is rotting away.
You thrive on raw meat.
You are immune to poison.
You have sharp fingernails.
You are carnivorous and can eat meat at any time.
Your flesh is cold resistant. (rC+)
You are immune to negative energy. (rN+++)
You do not regenerate when monsters are visible.
You are immune to unholy pain and torment.
You can survive without breathing.


Message History

The orc wizard blinks!
The orc closely misses you.
You barely miss the orc. The orc closely misses you.
You hit the orc.
The orc is almost dead.
The orc hits you but does no damage. The orc hits you.
You barely miss the orc.
The orc is almost dead.
The orc hits you. The orc wizard casts a spell at you. The magic dart hits you.
* * * LOW HITPOINT WARNING * * *
You hit the orc.
You kill the orc!
You barely miss the orc wizard.
The orc wizard is moderately wounded.
The orc wizard gestures at you while chanting.
The magic dart hits you!
* * * LOW HITPOINT WARNING * * *
The orc wizard hits you with a +0 dagger.
You die...

.........>......
........#....... .......
##<............# .......
...#####..####.. .......
###.......# .......
##.##.#..# ..)....
##..#....## .......
#.......#########?.....(
........).)....Z@o%..#
..###.##############...#
#.###.# . ..##..#
..##.## ..##.#####
...(.....#####
.###.###.....#### ###..#
#####....# #####


You could see an orc wizard and a friendly orc skeleton.

Vanquished Creatures
  4 adders
  A shadow imp (D:3)
  2 oozes
  A worm (D:2)
  A dart slug (D:2)
  2 leopard geckos
  6 orcs (D:3)
  4 giant cockroaches
  7 goblins
  8 hobgoblins
  4 kobolds
  A ball python (D:1)
  8 bats
  5 frilled lizards
  3 rats
57 creatures vanquished.

Vanquished Creatures (collateral kills)
  A bat (D:3)
  A goblin (D:3)
2 creatures vanquished.

Grand Total: 59 creatures vanquished

Notes
Turn   | Place    | Note
-------+----------+-------------------------------------------
     0 | D:1      | redwoodhats the Ghoul Necromancer began the quest for the
                  | Orb.
     0 | D:1      | Reached XP level 1. HP: 14/14 MP: 2/2
   358 | D:1      | Reached XP level 2. HP: 17/18 MP: 0/3
  1039 | D:1      | Learned a level 1 spell: Animate Skeleton
  1160 | D:2      | Found a glowing silver altar of Zin.
  1220 | D:2      | Reached XP level 3. HP: 26/26 MP: 5/5
  2179 | D:2      | Learned a level 3 spell: Vampiric Draining
  2349 | D:3      | Reached XP level 4. HP: 28/32 MP: 3/6
  2352 | D:3      | Reached skill level 1 in Short Blades
  2673 | D:3      | Found a bloodstained altar of Trog.
  2804 | D:3      | Reached XP level 5. HP: 19/38 MP: 8/8
  2812 | D:3      | Slain by an orc wizard

Skill      XL: |  1  2  3  4 |
---------------+-------------+-----
Spellcasting   | 2 |  2.6
Short Blades   | 1 |  1.5
Dodging        | 2 |  2.3
Fighting       | |  0.2
Stealth        | |  2.5
Necromancy     | |  4.7

Action                   |  1- 3 |  4- 6 || total
-------------------------+-------+-------++-------
Melee: Unarmed           |    20 |       ||    20
       Short sword       |    57 |    45 ||   102
 Cast: Pain              |    39 |     9 ||    48
       Animate Skeleton  |     1 |     5 ||     6
       Vampiric Draining |       |     3 ||     3
  Use: Potion            |     4 |     1 ||     5
       Scroll            |     4 |       ||     4
 Stab: Sleeping          |     4 |       ||     4
  Eat: Ration            |     1 |       ||     1
       Chunk             |     4 |     2 ||     6
Armor: Robe              |    24 |    11 ||    35
Dodge: Dodged            |    67 |    31 ||    98
